General information
- name: BNet
- type: Ladder team game (AT/RT)
- host: Battle.net
- saver: dogsandhorse.ru
map: SilverpineForest
- players: 6
- length: 85:00
- speed: Fast
- version: 1.26 W3XP
- replay type:

» download(536 KB)
Players
team 1 (winner)
backintheUSSR (
green | 77 APM | 6538 actions | 84:59)
10 Blademaster
3 Wind Walk
3 Critical Strike
1 Bladestorm
3 Mirror Image
» actions
| Assign group hotkey | 34 | |
| Basic commands | 25 | |
| Build / train | 111 | |
| ESC pressed | 5 | |
| Enter build submenu | 92 | |
| Enter hero's abilities submenu | 10 | |
| Give item / drop item | 18 | |
| Right click | 4315 | |
| Select / deselect | 529 | |
| Select group hotkey | 952 | |
| Use ability | 447 | |
6538 total
» units
| Peon | 18 | |
| Troll Batrider | 32 | |
| Goblin Zeppelin | 1 | |
| Wind Rider | 12 | |
63 total
» upgrades
| Spiked Barricades | 1 | |
| Liquid Fire | 1 | |
| Reinforced Defenses | 1 | |
| Ranged Weapons | 3 | |
| Armor | 2 | |
| Envenomed Spears | 1 | |
9 total
» buildings
| Altar of Storms | 1 | |
| Orc Burrow | 8 | |
| War Mill | 1 | |
| Voodoo Lounge | 5 | |
| Watch Tower | 115 | |
| Stronghold | 2 | |
| Fortress | 1 | |
| Beastiary | 3 | |
| Great Hall | 2 | |
138 total
» build order
00:03 Altar of Storms
00:16 Orc Burrow
00:40 War Mill
01:23 Voodoo Lounge
02:00 Watch Tower
02:09 Watch Tower
02:37 Stronghold
02:37 Stronghold
03:06 Watch Tower
03:07 Watch Tower
03:35 Watch Tower
03:35 Watch Tower
05:31 Fortress
05:33 Voodoo Lounge
05:36 Voodoo Lounge
05:41 Watch Tower
05:42 Watch Tower
05:43 Watch Tower
05:45 Watch Tower
06:07 Beastiary
06:15 Beastiary
06:17 Orc Burrow
06:53 Watch Tower
06:54 Watch Tower
08:00 Orc Burrow
08:16 Voodoo Lounge
08:18 Voodoo Lounge
08:48 Watch Tower
10:31 Watch Tower
11:00 Great Hall
11:04 Watch Tower
11:04 Watch Tower
11:06 Watch Tower
11:07 Watch Tower
11:43 Watch Tower
11:43 Watch Tower
12:18 Watch Tower
12:20 Watch Tower
12:23 Watch Tower
12:35 Watch Tower
14:02 Beastiary
14:53 Great Hall
15:17 Watch Tower
15:36 Watch Tower
15:49 Watch Tower
16:08 Watch Tower
16:09 Watch Tower
16:48 Watch Tower
16:49 Watch Tower
16:59 Watch Tower
18:31 Watch Tower
18:32 Watch Tower
18:32 Watch Tower
18:38 Watch Tower
19:00 Watch Tower
40:28 Watch Tower
40:29 Watch Tower
40:31 Watch Tower
40:32 Watch Tower
40:33 Watch Tower
40:35 Watch Tower
40:36 Watch Tower
40:38 Watch Tower
40:39 Watch Tower
40:40 Watch Tower
40:40 Watch Tower
40:41 Watch Tower
40:42 Watch Tower
40:43 Watch Tower
40:44 Watch Tower
40:45 Watch Tower
40:46 Watch Tower
40:49 Watch Tower
40:50 Watch Tower
40:53 Watch Tower
40:53 Watch Tower
40:54 Watch Tower
40:55 Watch Tower
40:58 Watch Tower
41:00 Watch Tower
41:01 Watch Tower
41:02 Watch Tower
41:03 Watch Tower
43:57 Watch Tower
43:59 Watch Tower
44:00 Watch Tower
44:14 Watch Tower
46:29 Watch Tower
46:30 Watch Tower
46:30 Watch Tower
46:56 Watch Tower
47:09 Watch Tower
48:48 Watch Tower
48:49 Watch Tower
48:49 Watch Tower
48:51 Watch Tower
48:53 Watch Tower
48:54 Watch Tower
48:57 Watch Tower
48:58 Watch Tower
48:59 Watch Tower
49:03 Watch Tower
49:04 Watch Tower
49:05 Watch Tower
49:06 Watch Tower
49:08 Watch Tower
49:09 Watch Tower
49:10 Watch Tower
49:14 Watch Tower
49:16 Watch Tower
49:16 Watch Tower
49:18 Watch Tower
49:19 Watch Tower
49:21 Watch Tower
49:23 Watch Tower
49:23 Watch Tower
49:24 Watch Tower
49:25 Watch Tower
49:31 Watch Tower
49:36 Watch Tower
49:37 Watch Tower
49:46 Watch Tower
49:46 Watch Tower
51:32 Watch Tower
51:47 Watch Tower
51:48 Watch Tower
52:08 Watch Tower
52:54 Watch Tower
52:55 Watch Tower
53:16 Watch Tower
53:37 Watch Tower
53:39 Watch Tower
54:05 Watch Tower
83:58 Orc Burrow
83:59 Orc Burrow
84:29 Orc Burrow
84:29 Orc Burrow
84:31 Orc Burrow
» items
| Staff of Teleportation | 1 | |
| Boots of Speed | 2 | |
| Healing Salve | 3 | |
| Lesser Clarity Potion | 12 | |
| Orb of Lightning | 1 | |
| Sentry Wards | 1 | |
| Helm of Valor | 3 | |
| Claws of Attack +12 | 2 | |
25 total
Birdeneering (
red | 93 APM | 7941 actions | 84:59)
6 Mountain King
3 Storm Bolt
2 Bash
1 Avatar
5 Paladin
3 Holy Light
2 Divine Shield
» actions
| Assign group hotkey | 405 | |
| Basic commands | 17 | |
| Build / train | 186 | |
| Enter build submenu | 172 | |
| Enter hero's abilities submenu | 11 | |
| Give item / drop item | 12 | |
| Right click | 4146 | |
| Select / deselect | 786 | |
| Select group hotkey | 1743 | |
| Use ability | 463 | |
7941 total
» units
» upgrades
| Masonry | 3 | |
| Lumber Harvesting | 2 | |
| Magic Sentry | 1 | |
6 total
» buildings
| Altar of Kings | 1 | |
| Farm | 5 | |
| Lumber Mill | 1 | |
| Scout Tower | 171 | |
| Arcane Tower | 7 | |
| Arcane Vault | 4 | |
| Guard Tower | 99 | |
| Town Hall | 2 | |
| Keep | 1 | |
| Castle | 1 | |
| Arcane Sanctum | 1 | |
| Barracks | 1 | |
| Blacksmith | 1 | |
| Gryphon Aviary | 1 | |
296 total
» build order
00:05 Altar of Kings
00:33 Farm
00:54 Lumber Mill
01:16 Scout Tower
01:17 Scout Tower
01:21 Farm
01:38 Scout Tower
01:39 Scout Tower
01:47 Arcane Tower
01:48 Scout Tower
01:56 Farm
02:09 Arcane Vault
02:14 Scout Tower
02:16 Guard Tower
02:16 Guard Tower
02:16 Guard Tower
02:26 Arcane Tower
02:26 Arcane Tower
02:28 Scout Tower
02:42 Guard Tower
02:42 Guard Tower
02:43 Scout Tower
02:55 Guard Tower
03:11 Scout Tower
03:13 Guard Tower
03:13 Guard Tower
03:25 Scout Tower
03:40 Guard Tower
03:41 Scout Tower
03:43 Scout Tower
03:46 Guard Tower
03:48 Scout Tower
03:49 Scout Tower
03:53 Guard Tower
03:55 Scout Tower
03:56 Scout Tower
03:59 Scout Tower
04:00 Scout Tower
04:22 Guard Tower
04:23 Scout Tower
04:30 Scout Tower
04:32 Scout Tower
04:39 Guard Tower
04:53 Guard Tower
04:54 Scout Tower
04:55 Scout Tower
04:58 Guard Tower
05:00 Scout Tower
05:01 Scout Tower
05:03 Guard Tower
05:06 Scout Tower
05:07 Scout Tower
05:41 Guard Tower
05:42 Scout Tower
05:42 Scout Tower
05:44 Guard Tower
05:58 Town Hall
06:02 Scout Tower
06:03 Scout Tower
06:03 Scout Tower
06:04 Scout Tower
06:06 Scout Tower
06:07 Scout Tower
06:09 Scout Tower
06:10 Scout Tower
06:18 Guard Tower
06:21 Scout Tower
06:22 Scout Tower
06:25 Scout Tower
06:33 Guard Tower
06:33 Guard Tower
06:40 Arcane Tower
06:47 Guard Tower
06:47 Guard Tower
06:54 Guard Tower
07:01 Guard Tower
07:02 Guard Tower
07:08 Guard Tower
07:17 Guard Tower
07:17 Guard Tower
07:18 Guard Tower
07:23 Scout Tower
07:23 Scout Tower
07:30 Guard Tower
07:34 Guard Tower
07:34 Guard Tower
07:52 Guard Tower
07:54 Scout Tower
07:54 Scout Tower
08:03 Scout Tower
08:04 Scout Tower
08:06 Guard Tower
08:09 Scout Tower
08:15 Scout Tower
08:23 Keep
08:24 Guard Tower
08:26 Guard Tower
08:27 Scout Tower
08:28 Scout Tower
08:42 Guard Tower
08:58 Guard Tower
08:58 Guard Tower
08:59 Guard Tower
09:03 Scout Tower
09:14 Guard Tower
09:31 Guard Tower
09:54 Guard Tower
09:55 Scout Tower
09:58 Scout Tower
10:18 Guard Tower
10:23 Scout Tower
10:23 Scout Tower
10:27 Scout Tower
10:28 Scout Tower
10:55 Scout Tower
10:56 Scout Tower
10:57 Guard Tower
10:59 Guard Tower
10:59 Guard Tower
11:00 Scout Tower
11:19 Guard Tower
11:21 Scout Tower
11:22 Guard Tower
11:28 Scout Tower
11:30 Scout Tower
11:33 Castle
11:38 Guard Tower
11:42 Arcane Sanctum
11:50 Arcane Vault
11:51 Guard Tower
11:53 Scout Tower
11:54 Scout Tower
12:15 Guard Tower
12:23 Guard Tower
12:25 Scout Tower
12:27 Scout Tower
12:28 Scout Tower
12:56 Guard Tower
12:57 Scout Tower
12:58 Scout Tower
14:16 Guard Tower
14:21 Scout Tower
14:23 Scout Tower
14:24 Scout Tower
14:32 Scout Tower
14:33 Scout Tower
14:35 Scout Tower
14:37 Scout Tower
14:37 Scout Tower
14:37 Scout Tower
14:46 Scout Tower
14:50 Guard Tower
14:51 Scout Tower
15:34 Guard Tower
15:40 Scout Tower
15:42 Scout Tower
15:43 Scout Tower
15:43 Scout Tower
15:43 Scout Tower
15:50 Guard Tower
15:52 Arcane Vault
15:54 Scout Tower
15:55 Scout Tower
16:00 Guard Tower
16:01 Scout Tower
16:01 Scout Tower
16:05 Scout Tower
16:05 Scout Tower
16:16 Guard Tower
16:20 Scout Tower
16:22 Scout Tower
16:27 Scout Tower
17:38 Guard Tower
17:48 Guard Tower
17:50 Scout Tower
17:51 Scout Tower
17:53 Guard Tower
17:58 Scout Tower
17:58 Scout Tower
17:59 Scout Tower
18:19 Scout Tower
18:19 Scout Tower
18:20 Scout Tower
18:29 Scout Tower
18:32 Guard Tower
18:38 Arcane Vault
18:39 Scout Tower
18:54 Guard Tower
18:59 Scout Tower
18:59 Scout Tower
19:15 Guard Tower
19:30 Guard Tower
19:32 Scout Tower
19:32 Scout Tower
19:33 Scout Tower
20:47 Scout Tower
21:05 Scout Tower
21:06 Scout Tower
21:06 Scout Tower
21:07 Scout Tower
21:25 Scout Tower
21:26 Scout Tower
21:27 Guard Tower
21:29 Scout Tower
21:30 Scout Tower
21:32 Guard Tower
21:33 Scout Tower
21:33 Scout Tower
21:36 Guard Tower
21:45 Scout Tower
21:46 Scout Tower
22:16 Guard Tower
22:34 Guard Tower
22:38 Guard Tower
22:39 Scout Tower
22:40 Scout Tower
22:42 Scout Tower
22:43 Scout Tower
22:43 Scout Tower
22:44 Scout Tower
23:59 Guard Tower
24:00 Scout Tower
24:02 Scout Tower
24:04 Scout Tower
24:05 Scout Tower
24:06 Guard Tower
24:29 Guard Tower
24:35 Scout Tower
24:36 Scout Tower
24:40 Guard Tower
24:57 Guard Tower
25:00 Scout Tower
25:01 Scout Tower
25:02 Scout Tower
25:02 Scout Tower
26:55 Guard Tower
27:04 Scout Tower
27:05 Scout Tower
28:22 Scout Tower
28:24 Scout Tower
28:41 Guard Tower
28:45 Guard Tower
28:55 Guard Tower
28:56 Scout Tower
28:57 Scout Tower
29:17 Scout Tower
29:18 Scout Tower
29:35 Guard Tower
30:00 Scout Tower
30:01 Scout Tower
30:07 Farm
30:14 Guard Tower
30:19 Scout Tower
30:20 Scout Tower
30:22 Scout Tower
30:23 Scout Tower
30:34 Guard Tower
30:47 Scout Tower
31:00 Guard Tower
31:02 Scout Tower
31:18 Guard Tower
31:19 Scout Tower
31:23 Guard Tower
31:25 Scout Tower
31:25 Scout Tower
31:50 Farm
31:55 Guard Tower
31:56 Scout Tower
31:57 Scout Tower
32:12 Scout Tower
32:13 Scout Tower
32:26 Guard Tower
33:01 Guard Tower
33:04 Scout Tower
33:30 Guard Tower
33:39 Guard Tower
35:42 Town Hall
43:49 Scout Tower
43:50 Scout Tower
44:24 Arcane Tower
45:28 Arcane Tower
48:45 Scout Tower
48:46 Scout Tower
48:47 Scout Tower
48:48 Scout Tower
48:49 Scout Tower
48:50 Scout Tower
52:22 Arcane Tower
84:26 Barracks
84:28 Blacksmith
84:29 Gryphon Aviary
» items
| Boots of Speed | 2 | |
| Staff of Teleportation | 2 | |
| Scroll of Town Portal | 2 | |
| Orb of Venom | 1 | |
| Orb of Lightning | 2 | |
| Staff of Sanctuary | 1 | |
| Scroll of Regeneration | 3 | |
| Medallion of Courage | 1 | |
| Potion of Mana | 2 | |
| Lesser Clarity Potion | 1 | |
17 total
dogsandhorse.ru (
purple | 114 APM | 9699 actions | 85:00)
5 Warden
2 Shadow Strike
3 Blink
5 Pandaren Brewmaster
3 Breath of Fire
2 Drunken Haze
» actions
| Assign group hotkey | 13 | |
| Basic commands | 2 | |
| Build / train | 98 | |
| Enter build submenu | 24 | |
| Enter hero's abilities submenu | 11 | |
| Give item / drop item | 22 | |
| Remove unit from queue | 1 | |
| Right click | 7308 | |
| Select / deselect | 1233 | |
| Select group hotkey | 463 | |
| Use ability | 522 | |
9699 total
» units
| Wisp | 26 | |
| Chimaera | 9 | |
| Goblin Zeppelin | 1 | |
36 total
» upgrades
| Ultravision | 1 | |
| Strength of the Wild | 3 | |
| Reinforced Hides | 3 | |
| Well Spring | 1 | |
| Corrosive Breath | 1 | |
| Nature's Blessing | 1 | |
10 total
» buildings
| Altar of Elders | 1 | |
| Moon Well | 25 | |
| Tree of Ages | 2 | |
| Hunter's Hall | 1 | |
| Tree of Eternity | 1 | |
| Ancient of Wind | 1 | |
| Chimaera Roost | 2 | |
| Ancient of Wonders | 1 | |
| Tree of Life | 4 | |
38 total
» build order
00:08 Altar of Elders
00:19 Moon Well
01:38 Moon Well
04:16 Tree of Ages
04:36 Hunter's Hall
05:07 Moon Well
05:07 Moon Well
06:40 Tree of Eternity
06:43 Ancient of Wind
09:04 Chimaera Roost
09:05 Chimaera Roost
10:30 Ancient of Wonders
11:54 Tree of Life
18:19 Tree of Life
18:40 Moon Well
18:41 Moon Well
18:42 Moon Well
18:43 Moon Well
22:22 Moon Well
22:23 Moon Well
22:24 Moon Well
22:25 Moon Well
22:26 Moon Well
22:27 Moon Well
27:28 Moon Well
28:25 Moon Well
28:33 Moon Well
28:34 Moon Well
28:35 Moon Well
34:05 Moon Well
34:06 Moon Well
34:07 Moon Well
34:07 Moon Well
34:08 Moon Well
34:09 Moon Well
37:10 Tree of Life
48:57 Tree of Life
» items
| Healing Salve | 6 | |
| Lesser Clarity Potion | 10 | |
| Boots of Speed | 2 | |
| Staff of Teleportation | 2 | |
| Orb of Venom | 1 | |
| Orb of Lightning | 1 | |
| Staff of Preservation | 2 | |
| Pendant of Mana | 3 | |
| Khadgar's Gem of Health | 2 | |
| Amulet of Spell Shield | 1 | |
| Medallion of Courage | 1 | |
| Periapt of Vitality | 1 | |
32 total
team 2 (loser)
hi_ger (
yellow | 64 APM | 5401 actions | 84:59)
8 Death Knight
3 Death Coil
3 Unholy Aura
1 Animate Dead
1 Death Pact
6 Lich
3 Frost Nova
2 Frost Armor
1 Death and Decay
1 Pandaren Brewmaster
1 Breath of Fire
» actions
| Assign group hotkey | 54 | |
| Basic commands | 2 | |
| Build / train | 166 | |
| Enter build submenu | 51 | |
| Enter hero's abilities submenu | 15 | |
| Give item / drop item | 9 | |
| Remove unit from queue | 11 | |
| Right click | 2289 | |
| Select / deselect | 754 | |
| Select group hotkey | 1705 | |
| Use ability | 345 | |
5401 total
» units
| Acolyte | 38 | |
| Ghoul | 3 | |
| Crypt Fiend | 25 | |
| Obsidian Statue | 1 | |
| Frost Wyrm | 19 | |
| Mortar Team | 8 | |
94 total
» upgrades
| Creature Attack | 3 | |
| Creature Carapace | 3 | |
| Web | 1 | |
| Burrow | 1 | |
| Freezing Breath | 1 | |
9 total
» buildings
| Crypt | 1 | |
| Graveyard | 2 | |
| Altar of Darkness | 1 | |
| Ziggurat | 46 | |
| Tomb of Relics | 1 | |
| Halls of the Dead | 1 | |
| Spirit Tower | 14 | |
| Black Citadel | 1 | |
| Sacrificial Pit | 1 | |
| Slaughterhouse | 1 | |
| Boneyard | 1 | |
| Nerubian Tower | 4 | |
| Scout Tower | 1 | |
| Workshop | 1 | |
76 total
» build order
00:07 Crypt
00:10 Graveyard
00:17 Graveyard
00:46 Altar of Darkness
01:00 Ziggurat
01:47 Tomb of Relics
02:02 Ziggurat
04:19 Halls of the Dead
04:56 Ziggurat
05:12 Ziggurat
05:39 Spirit Tower
06:59 Ziggurat
07:17 Black Citadel
07:21 Sacrificial Pit
07:27 Slaughterhouse
09:00 Ziggurat
10:21 Boneyard
11:15 Ziggurat
11:23 Ziggurat
11:27 Ziggurat
11:28 Ziggurat
12:33 Nerubian Tower
12:34 Spirit Tower
12:35 Nerubian Tower
12:36 Spirit Tower
14:29 Spirit Tower
15:21 Scout Tower
19:00 Workshop
22:40 Ziggurat
22:41 Ziggurat
22:42 Ziggurat
22:43 Ziggurat
23:39 Spirit Tower
23:41 Nerubian Tower
23:43 Spirit Tower
23:44 Spirit Tower
34:37 Spirit Tower
36:12 Ziggurat
36:13 Ziggurat
36:13 Ziggurat
38:34 Spirit Tower
39:19 Ziggurat
42:49 Ziggurat
42:50 Ziggurat
42:53 Ziggurat
42:54 Ziggurat
44:37 Ziggurat
44:38 Ziggurat
44:38 Ziggurat
44:40 Ziggurat
45:55 Spirit Tower
46:01 Ziggurat
46:03 Ziggurat
46:03 Ziggurat
46:04 Ziggurat
47:22 Spirit Tower
53:48 Ziggurat
53:49 Ziggurat
53:50 Ziggurat
53:51 Ziggurat
53:52 Ziggurat
54:53 Spirit Tower
55:30 Ziggurat
55:32 Ziggurat
55:33 Ziggurat
55:34 Ziggurat
55:46 Ziggurat
57:59 Spirit Tower
64:39 Ziggurat
64:41 Ziggurat
65:44 Spirit Tower
65:49 Ziggurat
66:01 Ziggurat
66:02 Ziggurat
66:04 Ziggurat
67:12 Nerubian Tower
» items
| Rod of Necromancy | 1 | |
| Orb of Corruption | 1 | |
| Potion of Healing | 5 | |
| Potion of Mana | 1 | |
| Scroll of Town Portal | 3 | |
11 total
Schwarzer_Lord (
blue | 71 APM | 1036 actions | 14:41)
4 Archmage
2 Summon Water Elemental
2 Brilliance Aura
2 Mountain King
1 Storm Bolt
1 Bash
» actions
| Assign group hotkey | 19 | |
| Build / train | 43 | |
| ESC pressed | 1 | |
| Enter build submenu | 16 | |
| Enter hero's abilities submenu | 7 | |
| Give item / drop item | 3 | |
| Remove unit from queue | 3 | |
| Right click | 491 | |
| Select / deselect | 167 | |
| Select group hotkey | 252 | |
| Use ability | 34 | |
1036 total
» units
| Peasant | 13 | |
| Footman | 6 | |
| Gryphon Rider | 5 | |
24 total
» upgrades
» buildings
| Altar of Kings | 1 | |
| Barracks | 1 | |
| Farm | 10 | |
| Keep | 1 | |
| Arcane Vault | 1 | |
| Castle | 1 | |
| Town Hall | 1 | |
| Blacksmith | 1 | |
| Lumber Mill | 1 | |
| Gryphon Aviary | 2 | |
20 total
» build order
00:14 Altar of Kings
00:24 Barracks
00:35 Farm
00:38 Farm
01:38 Farm
01:39 Farm
03:14 Farm
03:15 Farm
03:21 Keep
04:36 Arcane Vault
05:48 Castle
07:02 Town Hall
07:26 Blacksmith
07:30 Lumber Mill
09:36 Gryphon Aviary
10:23 Gryphon Aviary
11:31 Farm
11:32 Farm
11:56 Farm
11:58 Farm
» items
| Scroll of Regeneration | 1 | |
| Potion of Healing | 3 | |
4 total
t.blue_shark (
teal | 75 APM | 6338 actions | 84:59)
6 Death Knight
3 Death Coil
2 Unholy Aura
1 Animate Dead
6 Lich
3 Frost Nova
2 Dark Ritual
1 Death and Decay
1 Archmage
1 Summon Water Elemental
» actions
| Assign group hotkey | 75 | |
| Build / train | 96 | |
| ESC pressed | 2 | |
| Enter build submenu | 17 | |
| Enter hero's abilities submenu | 13 | |
| Right click | 2578 | |
| Select / deselect | 1154 | |
| Select group hotkey | 2152 | |
| Use ability | 251 | |
6338 total
» units
| Acolyte | 5 | |
| Ghoul | 4 | |
| Crypt Fiend | 17 | |
| Obsidian Statue | 14 | |
| Dragonhawk Rider | 16 | |
56 total
» upgrades
| Creature Attack | 3 | |
| Burrow | 1 | |
| Web | 1 | |
| Destroyer Form | 1 | |
| Cloud | 1 | |
7 total
» buildings
| Crypt | 1 | |
| Graveyard | 1 | |
| Altar of Darkness | 1 | |
| Ziggurat | 7 | |
| Tomb of Relics | 1 | |
| Halls of the Dead | 3 | |
| Spirit Tower | 3 | |
| Black Citadel | 1 | |
| Slaughterhouse | 2 | |
| Necropolis | 1 | |
21 total
» build order
00:06 Crypt
00:12 Graveyard
00:41 Altar of Darkness
00:58 Ziggurat
01:28 Tomb of Relics
02:01 Ziggurat
03:51 Halls of the Dead
03:51 Halls of the Dead
04:59 Ziggurat
05:36 Ziggurat
05:38 Spirit Tower
06:27 Black Citadel
07:18 Slaughterhouse
07:55 Slaughterhouse
11:25 Ziggurat
11:26 Ziggurat
11:26 Ziggurat
18:30 Spirit Tower
18:31 Spirit Tower
27:42 Necropolis
» items
| Rod of Necromancy | 1 | |
| Dust of Appearance | 2 | |
| Scroll of Town Portal | 1 | |
| Potion of Healing | 2 | |
| Orb of Corruption | 1 | |
7 total
Chat log
(00:34 / All) t.blue_shark: gl hf
(00:49 / All) backintheUSSR: hey =D
(00:56 / All) hi_ger: hey
(14:41 / All) Birdeneering: don't do it
(32:02 / All) Birdeneering: how you doing germans?
(32:10 / All) t.blue_shark: great
(32:31 / All) Birdeneering: it feels like we're winning
(32:33 / All) Birdeneering: by a good margin
(32:34 / Allies) Birdeneering: agree?
(32:37 / All) Birdeneering: agree?
(32:59 / All) hi_ger: you need a lot of practise for towers. :)
(33:02 / All) t.blue_shark: but it's kind of a lame strategie
(33:04 / All) dogsandhorse.ru: lol./....
(33:21 / All) Birdeneering: "lame"? i have to say
(33:24 / All) Birdeneering: it's very fun
(33:26 / All) t.blue_shark: don't know what you're loling about
(33:28 / All) Birdeneering: Maybe it's boring for you
(33:31 / All) dogsandhorse.ru: you don't know who we are. . . .
(33:38 / All) backintheUSSR: lol
(33:39 / All) t.blue_shark: yeah, its fun, but an ape can do it
(33:46 / All) dogsandhorse.ru: well
(33:48 / All) Birdeneering: could an ape kill 1 tower?
(33:48 / All) dogsandhorse.ru: can an ape kill towers??
(33:52 / All) Birdeneering: Probably
(33:55 / All) Birdeneering: not you though
(33:59 / All) Birdeneering: you lose to towers and heroes :(((
(34:32 / All) t.blue_shark: the fact remains that this strat is very easy to play
(34:39 / All) dogsandhorse.ru: and easy to beat
(36:38 / All) t.blue_shark: so finish this already
(36:59 / All) Birdeneering: what???
(37:04 / All) t.blue_shark: this game
(37:06 / All) Birdeneering: we're not ending a good game like this
(37:24 / All) t.blue_shark: no problem if you fail
(37:31 / All) t.blue_shark: at least try
(37:42 / All) dogsandhorse.ru: : - )
(37:43 / All) Birdeneering: the only failure
(37:45 / All) dogsandhorse.ru: http://highper.ch/
(37:51 / All) Birdeneering: is ending a game against angry crapnoobs like you
(37:55 / All) dogsandhorse.ru: is our website about beating dumb euros with towers
(37:59 / All) Birdeneering: stay long, stay forever
(38:04 / All) dogsandhorse.ru: do you want us to leave?
(38:06 / All) t.blue_shark: who says we're angry?
(38:06 / All) Birdeneering: www.highper.ch take some time to check it out
(38:07 / All) dogsandhorse.ru: do you want to win?
(38:42 / All) backintheUSSR: yteah you're gonna kill my blademaster.......pause.................not
(38:46 / All) t.blue_shark: do you?
(39:02 / All) Birdeneering: byeee
(39:13 / All) t.blue_shark: wow you got one tower
(40:24 / All) dogsandhorse.ru: staff too slow. .. .
(40:27 / All) t.blue_shark: not fast enough
(40:30 / All) Birdeneering: i've always wonderd
(40:36 / All) t.blue_shark: you were too slow
(40:37 / All) Birdeneering: what kind of person stays this long in a lost game
(40:39 / All) t.blue_shark: not the staff
(40:51 / All) Birdeneering: well, not really
(40:54 / All) Birdeneering: I know what kind of person
(40:58 / All) Birdeneering: an angry German person
(41:10 / All) Birdeneering: trying to prove he has astonishing skills and micro
(41:13 / All) Birdeneering: yet he lost to towers
(41:16 / All) t.blue_shark: just having a little fun
(41:21 / All) Birdeneering: not all germans
(41:27 / All) dogsandhorse.ru: you germans
(41:27 / All) Birdeneering: germans that lose to towers and stay in the game
(41:30 / All) dogsandhorse.ru: are
(41:32 / All) backintheUSSR: XDXDF
(41:32 / All) dogsandhorse.ru: angry
(42:29 / All) t.blue_shark: gotcha
(42:33 / All) dogsandhorse.ru: lol
(42:36 / All) backintheUSSR: gg u win...
(42:39 / All) backintheUSSR: wait a sec xd
(42:41 / All) Birdeneering: you lost to us???
(42:46 / All) Birdeneering: and really easily too
(42:51 / All) Birdeneering: we didn't even lose a base
(42:58 / All) t.blue_shark: we did not lose. at least not now
(42:59 / All) Birdeneering: it's usually way harder on this map
(43:05 / All) t.blue_shark: come and finish this
(43:10 / All) backintheUSSR: ok
(43:11 / All) t.blue_shark: if you dare :)
(43:12 / All) backintheUSSR: im comign
(43:12 / All) dogsandhorse.ru: here i come
(44:40 / All) t.blue_shark: don't you dare to come?
(44:43 / All) dogsandhorse.ru: no
(44:48 / All) t.blue_shark: or what does this break mean?
(45:03 / All) Birdeneering: "those noobs only won because they towered... look at how easily I can nuke their heroes..."
(45:12 / All) Birdeneering: "they don't even have the balls to fight me!!" - you
(45:25 / All) t.blue_shark: no, i guess you said that
(45:44 / All) t.blue_shark: my english is more sophisticated
(51:17 / All) t.blue_shark: do you know how to train units?
(51:21 / All) dogsandhorse.ru: no lol
(51:27 / All) t.blue_shark: and if so, why don't you train some?
(51:36 / All) Birdeneering: I don't know how to play this game sorry
(51:43 / All) Birdeneering: i'm farmville
(51:57 / All) t.blue_shark: what do you mean?
(52:38 / All) t.blue_shark: you realize that it is just the two of us. agains three.
(52:42 / All) backintheUSSR: huh
(52:46 / All) dogsandhorse.ru: even 3v3 you stunk on ice
(52:48 / All) backintheUSSR: the one of u...
(53:04 / All) Birdeneering: it's more like 3v1 since you decided to lose all your mains
(53:08 / All) t.blue_shark: you rock, man you rock
(53:35 / All) t.blue_shark: then why don't you get the last base
(53:42 / All) dogsandhorse.ru: i cant
(53:56 / All) Birdeneering: plus you might leave
(54:05 / All) Birdeneering: if you get too upset that things aren't going your way
(54:07 / All) t.blue_shark: told your mom, this would be your last game. is this why you try to keep it as long as possible?
(54:21 / All) dogsandhorse.ru: yes
(54:45 / All) Birdeneering: peaceeee
(55:45 / All) t.blue_shark: your blader died, again...
(55:49 / All) dogsandhorse.ru: damn
(55:51 / All) dogsandhorse.ru: gg i guess
(55:57 / All) t.blue_shark: maybe
(56:01 / All) backintheUSSR: good thing i have gold to bring him back 35+ times
(56:13 / All) t.blue_shark: really, how much gold do you have?
(56:15 / All) dogsandhorse.ru: 15k here
(56:24 / All) backintheUSSR: 9335
(56:56 / All) dogsandhorse.ru: another perfect staff by me
(57:30 / All) backintheUSSR: hey
(57:31 / All) backintheUSSR: surprise
(57:43 / All) backintheUSSR: xddd
(57:47 / All) Birdeneering: don't attack that base again
(57:48 / All) t.blue_shark: finally, some units :)
(57:56 / All) dogsandhorse.ru: we looked it up
(58:00 / All) t.blue_shark: you found the right button
(58:01 / All) dogsandhorse.ru: i use my phone to go to gamefaqs
(58:12 / All) t.blue_shark: great idea
(59:39 / All) t.blue_shark: you want to end this now
(59:45 / All) dogsandhorse.ru: lol
(59:47 / All) backintheUSSR: i do not know how 2 do that
(59:55 / All) Birdeneering: we ended
(60:11 / All) Birdeneering: we ended this game a long time ago
(60:14 / All) Birdeneering: but not everyone realized
(60:17 / All) t.blue_shark: not quite
(60:17 / All) backintheUSSR: im ending it now...fuck u
(60:43 / All) backintheUSSR: CYA later shit breadth
(60:46 / All) t.blue_shark: and please stop that rude language
(61:28 / All) Birdeneering: it's endearing how you try to use all proper english but you don't quite have the grammar to pull it off
(61:37 / All) Birdeneering: like how you try to play this game really well and still couldn't kill towers...
(61:40 / All) t.blue_shark: that was rude
(61:50 / All) dogsandhorse.ru: they say it takes five years of fluency to truly acquire correct syntax
(62:07 / All) t.blue_shark: i'm with you there
(62:10 / All) backintheUSSR: cya mua ha ha ha ha ha
(62:27 / All) t.blue_shark: having that much fun?
(62:27 / All) backintheUSSR: hey teal ur'e english is really good you ever spend time in usa ?
(62:34 / All) t.blue_shark: nope
(62:43 / All) backintheUSSR: oh............................
(63:27 / All) Birdeneering: yea let's see you repair that
(65:13 / All) backintheUSSR: lol
(65:14 / All) backintheUSSR: LOL
(65:14 / All) backintheUSSR: LOL
(65:15 / All) backintheUSSR: LOL
(65:17 / All) backintheUSSR: LAUGHING
(65:19 / All) backintheUSSR: im laughign
(65:22 / All) backintheUSSR: a ha ha ha ha
(65:24 / All) dogsandhorse.ru: lmao
(65:28 / All) backintheUSSR: ha ha ha ha ha ha ha ha ha ha ha ha ha ha ha ha h aha
(65:55 / All) dogsandhorse.ru: *kiss*
(66:36 / All) t.blue_shark: leaving aside that my lich just died, was it worth to trade your blader for our shade?
(66:45 / All) dogsandhorse.ru: considering we can res blade over 50 times
(66:47 / All) dogsandhorse.ru: probably
(66:53 / All) t.blue_shark: same here
(66:55 / All) Birdeneering: well the game was over 40 minutes ago
(66:56 / All) dogsandhorse.ru: lol!
(66:59 / All) Birdeneering: so the question makes no sense
(67:02 / All) t.blue_shark: many shades to go...
(67:56 / All) t.blue_shark: would you explain that? what has losing the blader to do with the length of the game?
(68:07 / All) dogsandhorse.ru: listen
(68:10 / All) dogsandhorse.ru: i know you're an ESL student
(68:12 / All) t.blue_shark: i am
(68:14 / All) dogsandhorse.ru: but we meant when you lost
(68:17 / All) dogsandhorse.ru: not total length
(68:25 / All) Birdeneering: the game is over, it can't be "worth it" or "not worth it"
(68:27 / All) backintheUSSR: how old u teal
(68:33 / All) backintheUSSR: u have english of 50 year old usa man
(68:49 / All) t.blue_shark: great. that was what i was going for
(69:01 / All) backintheUSSR: my dad is 50 year old usa man and he speak like retard
(69:22 / All) t.blue_shark: i'm sorry for your dad
(69:46 / All) backintheUSSR: my dad killed ure nazi dad in world war
(69:47 / All) t.blue_shark: this is quite an enjoyable evening
(69:52 / All) t.blue_shark: hardly
(69:54 / All) dogsandhorse.ru: that is kind of masochistic
(69:57 / All) dogsandhorse.ru: you enjoy losing for hours??
(70:07 / All) t.blue_shark: yeah
(70:19 / All) backintheUSSR: they enjoy losing World War for 12 years......
(70:21 / All) dogsandhorse.ru: to each his own.....i guess germans really live up to the bdsm stereotype
(70:27 / All) t.blue_shark: but then again. you said we lost hours before, so we cant be losing now
(70:30 / All) backintheUSSR: my usa dad kicked nazi ass from 67-79..............
(71:07 / All) t.blue_shark: that is not the correct time
(71:29 / All) t.blue_shark: just to clearify that would be 39 to 45
(71:37 / All) dogsandhorse.ru: clearify???????????
(71:38 / All) backintheUSSR: no
(71:40 / All) backintheUSSR: hes 50 year old
(71:43 / All) backintheUSSR: not 39. not 45.
(72:41 / All) dogsandhorse.ru: lol
(73:58 / All) dogsandhorse.ru: lol, lmao
(74:00 / All) backintheUSSR: |how many nazi's did youre dad kill teal
(74:21 / All) t.blue_shark: none. he was not born back then
(74:36 / All) backintheUSSR: how many nazi's did your grande dad kill
(74:56 / All) backintheUSSR: ?
(74:58 / All) backintheUSSR: ?
(74:59 / All) backintheUSSR: ??
(75:04 / All) t.blue_shark: none. he was a child back then
(75:19 / All) backintheUSSR: ur family all pussY? afraid to kill a nazi
(76:55 / All) backintheUSSR: my blademaster is like my dad we kill nazi's together
(77:12 / All) backintheUSSR: do u have hitler poster in your bed-room
(77:20 / All) t.blue_shark: what makes you think some acolytes are nazis?
(77:30 / All) backintheUSSR: what makes me think you are nazi's?
(77:41 / All) t.blue_shark: nothing. i'm not.
(78:04 / All) backintheUSSR: you are german Yes?
(78:10 / All) t.blue_shark: yeah
(78:17 / All) backintheUSSR: you are nazi
(78:19 / All) backintheUSSR: yes?
(78:21 / All) t.blue_shark: no
(78:27 / All) backintheUSSR: stop lieing
(78:54 / All) backintheUSSR: my dad is in the marines (usmc oorah) ill get him to drop another Atom Bomb on u..
(79:11 / All) t.blue_shark: ^^
(79:41 / All) t.blue_shark: i'd advice you to learn more about your own history
(79:53 / All) backintheUSSR: THE WORST THING ABOUT A NAZI IS 1 THAT IS 2 PUSSY 2 ADMIT HE A NAZI!!!!!
(80:05 / All) backintheUSSR: stand up for what u beliefe in....for fuck sake
(80:17 / All) t.blue_shark: what part of the world are you from? usa?
(80:22 / All) backintheUSSR: #1!!!!
(80:30 / All) t.blue_shark: thought that much
(80:33 / All) dogsandhorse.ru: canada here....wish we were good as usa
(80:38 / All) backintheUSSR: we kill nazi's forever !!!!!!
(80:42 / All) dogsandhorse.ru: usa truly world best country
(80:46 / All) dogsandhorse.ru: canada killed some nazzis too
(82:02 / All) t.blue_shark: nearly finished with all our buildings?
(82:07 / All) backintheUSSR: shut up scum
(82:08 / All) t.blue_shark: took you some time
(82:13 / All) Birdeneering: do you not have eyes???
(82:16 / All) backintheUSSR: go kill some jews about it...
(83:16 / All) t.blue_shark: the shop remains...
(83:19 / All) dogsandhorse.ru: fuck
(83:20 / All) dogsandhorse.ru: i forgot
(83:36 / All) t.blue_shark: that is why i told you
(84:47 / All) t.blue_shark: we'll kick the shop for you. funny game guys